 Dungeon Crawl Stone Soup version 0.28.0 (webtiles) character file.

Game seed: 1869710083179146690

6 Morbidden the Skirmisher (level 1, 0/18 HPs)
             Began as a Demonspawn Fighter on Feb 8, 2022.
             Killed from afar by a dart slug (2 damage)
             ... with a slug dart
             ... on level 1 of the Dungeon.
             The game lasted 00:00:37 (495 turns).

Morbidden the Skirmisher (Demonspawn Fighter)        Turns: 495, Time: 00:00:37

Health: 0/18       AC:  6    Str: 16    XL:     1   Next: 75%
Magic:  1/1        EV:  8    Int:  9    God:
Gold:   14         SH:  4    Dex: 12    Spells: 0/0 levels left

rFire   . . .      SeeInvis .   a - +0 long sword
rCold   . . .      Faith    .   c - +0 buckler
rNeg    . . .      Spirit   .   b - +0 scale mail
rPois   .          Reflect  .   (no helmet)
rElec   .          Harm     .   (no cloak)
rCorr   .          Rampage  .   (no gloves)
Will    .....                   (no boots)
Stlth   ..........              (no amulet)
HPRegen 0.06/turn               (no ring)
MPRegen 0.07/turn               (no ring)

@: no status effects
A: no striking features
a: no special abilities


You were on level 1 of the Dungeon.
You visited 1 branch of the dungeon, and saw 2 of its levels.

You collected 14 gold pieces.

Inventory:

Hand Weapons
 a - a +0 long sword (weapon)
Armour
 b - a +0 scale mail (worn)
 c - a +0 buckler (worn)
Potions
 d - a potion of might


   Skills:
 * Level 3.1 Fighting
 * Level 1.8 Long Blades
 + Level 2.7 Armour
 + Level 2.8 Shields


You couldn't memorise any spells.
You didn't know any spells.
Your spell library was empty.

Dungeon Overview and Level Annotations

Branches:
Dungeon (2/15)

Altars:

Annotations:
D:1 Terence


Message History

The rat barely misses you.
Throw: 4 darts (poison)
Press: ? - help, Q - select action Shift-Dir - straight line, f - rat
Aim: a rat (57% to hit)
You throw a poisoned dart.
The poisoned dart barely misses the rat.
The rat bites you but does no damage.
A goblin comes into view. It is wielding a +0 dagger.
The goblin shouts!
Throw: 3 darts (poison)
Press: ? - help, Q - select action Shift-Dir - straight line, f - Terence, p - rat
Aim: Terence, wielding a +0 short sword and wearing a +0 chain mail (65% to hit)
You throw a poisoned dart. The poisoned dart hits the rat.
The rat bites you but does no damage.
Throw: 2 darts (poison)
Press: ? - help, Q - select action Shift-Dir - straight line, f/p - Terence
Aim: Terence, wielding a +0 short sword and wearing a +0 chain mail (65% to hit)
You throw a poisoned dart.
The poisoned dart closely misses the rat.
The poisoned dart barely misses Terence.
The rat bites you.
* * * LOW HITPOINT WARNING * * *
Throw: dart (poison)
Press: ? - help, Q - select action Shift-Dir - straight line, f/p - Terence
Aim: Terence, wielding a +0 short sword and wearing a +0 chain mail (65% to hit)
You throw a poisoned dart. The poisoned dart hits the rat.
The rat is poisoned.
The rat bites you but does no damage.
Unknown command.
Unknown command.
You kill the rat!
The goblin barely misses you. The goblin hits you with a +0 dagger.
* * * LOW HITPOINT WARNING * * *
Terence bares his teeth.
Terence looks scornfully at you.
A dart slug comes into view.
Found a mace.
The dart slug launches a dart at you. The slug dart hits you.
You die...

... ###.. ###
#...# #...
#.#w##..# #... ..#
#..##.# ##..#..#
#..#..# #####
+@.g@### #...#
#.##...# #...#####
#.##...###........
#.##....(....)(...
#.##...###........
#).#...##.....####
...######.########
... ####..# #...
#..>.## ###.##


You could see Terence, a dart slug and a goblin.

Vanquished Creatures
  An endoplasm (D:2)
  2 hobgoblins
  A ball python (D:1)
  A bat (D:2)
  A rat (D:1)
6 creatures vanquished.

Notes
Turn   | Place    | Note
-------+----------+-------------------------------------------
     0 | D:1      | Morbidden the Demonspawn Fighter began the quest for the
                  | Orb.
     0 | D:1      | Reached XP level 1. HP: 18/18 MP: 1/1
    54 | D:1      | You fall into a shaft and drop 1 floor!
   468 | D:2      | Noticed Terence
   495 | D:1      | Killed from afar by a dart slug

Illustrated notes

Levels and vault maps discovered:
D:1:      saegor_arrival_simple_a, layout_rooms, chequers_serial_rivers_room_a
D:2:      minmay_door_path, layout_basic, ebering_ecumenical_altar_rust,
          minmay_misc_feat_chi, uniq_terence

Action                   || total
-------------------------++-------
Melee: Long sword        ||    19
Throw: Dart              ||     4
Armor: Scale mail        ||    15
Dodge: Dodged            ||    12
Block: Buckler           ||     7
